Map: Oxide LE

Players

Hellraiser

  • Race: Protoss Protoss

GunGFuBanDa - Winner!

  • Race: Protoss Protoss

Event: DreamHack SC2 Masters 2021 Winter

VOD

Have the link to the VOD?

Description

Time

  • Played on: Oct. 3, 2021, 11:22 a.m.
  • Length: 13:18

All games in this series

Show
View Real Time Build Order
Export as new Build Order

Hellraiser Protoss 

Build Orders: Phoenix Opening, Blink Stalkers 

Get SALT Encoding   

  12  0:00  Probe  
  13  0:12  Probe  
  14  0:19  Pylon  
  14  0:24  Probe (Chrono Boost)  
  15  0:37  Probe (Chrono Boost)  
  15  0:38  Gateway  
  16  0:45  Probe (Chrono Boost)  
  16  0:46  Assimilator  
  17  0:51  Probe (Chrono Boost)  
  18  0:59  Assimilator  
  18  1:04  Probe (Chrono Boost)  
  19  1:05  Pylon  
  19  1:13  Probe (Chrono Boost)  
  19  1:18  Probe  
  21  1:29  Cybernetics Core  
  21  1:30  Probe  
  22  1:35  Zealot  
  24  1:42  Probe  
  25  1:54  Probe  
  26  2:05  Sentry (Chrono Boost), Pylon  
  28  2:19  Nexus  
  28  2:27  Stalker  
  30  2:31  Warp Gate  
  30  2:36  Phoenix  
  30  2:38  Probe  
  30  2:50  Pylon  
  30  2:51  Probe  
  31  2:54  Gateway  
  31  3:08  Stalker, Probe  
  34  3:14  Twilight Council  
  34  3:22  Twilight Council  
  34  3:25  Probe  
  35  3:33  Shield Battery  
  35  3:35  Probe  
  35  3:38  Probe  
  37  3:47  Probe  
  38  3:50  Probe  
  38  3:52  Blink  
  39  3:58  Forge  
  39  3:59  Probe (Chrono Boost)  
  39  4:02  Probe (Chrono Boost)  
  40  4:11  Probe (Chrono Boost)  
  40  4:14  Probe (Chrono Boost)  
  42  4:18  Probe (Chrono Boost)  
  42  4:19  Probe (Chrono Boost)  
  42  4:20  Stalker  
  46  4:25  Stalker, Probe (Chrono Boost)  
  46  4:27  Protoss Ground Weapons Level 1 (Chrono Boost)  
  50  4:34  Probe (Chrono Boost)  
  50  4:36  Pylon  
  50  4:37  Probe (Chrono Boost)  
  51  4:41  Probe (Chrono Boost)  
  51  4:42  Probe (Chrono Boost)  
  53  4:45  Gateway  
  53  4:52  Probe  
  54  4:55  Stalker  
  54  4:59  Probe  
  57  5:00  Robotics Facility  
  57  5:06  Stalker  
  59  5:13  Assimilator, Probe x2  
  59  5:21  Stalker  
  59  5:22  Cybernetics Core  
  59  5:25  Pylon  
  61  5:30  Photon Cannon x2  
  61  5:36  Probe  
  61  5:41  Pylon  
  62  5:43  Stalker x2  
  62  5:45  Stalker  
  68  5:50  Warp Prism (Chrono Boost)  
  70  6:05  Pylon  
  70  6:09  Stalker x3  
  76  6:17  Observer (Chrono Boost)  
  77  6:19  Nexus  
  77  6:25  Pylon  
  77  6:28  Dark Shrine  
  77  6:30  Probe x2  
  79  6:40  Stalker x2  
  79  6:42  Probe  
  79  6:45  Stalker  
  86  6:47  Protoss Ground Weapons Level 2 (Chrono Boost)  
  86  6:50  Probe  
  87  6:54  Probe  
  88  7:02  Probe  
  88  7:08  Probe, Charge  
  90  7:15  Probe  
  91  7:17  Photon Cannon  
  91  7:19  Gateway  
  91  7:20  Gateway  
  91  7:22  Gateway  
  91  7:27  Stalker  
  91  7:29  Shield Battery  
  93  7:32  Shield Battery  
  93  7:33  Probe  
  93  7:34  Probe  
  95  7:37  Assimilator  
  95  7:38  Stalker  
  95  7:39  Probe  
  98  7:45  Stalker  
  98  7:50  Stalker  
  104  7:53  Pylon  
  102  7:59  Shield Battery  
  102  8:00  Shield Battery  
  102  8:02  Stalker, Pylon  
  103  8:07  Observer (Chrono Boost)  
  103  8:08  Stalker  
  106  8:15  Stalker x3  
  106  8:18  Stalker  
  114  8:21  Assimilator, Pylon  
  114  8:30  Stalker  
  114  8:33  Probe x2  
  118  8:38  Pylon  
  118  8:40  Pylon  
  118  8:41  Stalker  
  118  8:42  Stalker  
  118  8:44  Probe  
  123  8:48  Assimilator  
  123  8:49  Protoss Ground Weapons Level 3 (Chrono Boost)  
  123  8:59  Stalker  
  123  9:00  Stalker, Pylon  
  127  9:08  Zealot x4  
  135  9:17  Pylon  
  135  9:18  Pylon x2  
  135  9:19  Probe  
  136  9:29  Dark Templar x3  
  142  9:42  Nexus  
  142  9:43  Pylon  
  142  9:45  Robotics Bay  
  134  9:55  Stalker x3  
  140  10:00  Probe x2  
  140  10:03  Probe  
  141  10:10  Shield Battery  
  141  10:11  Shield Battery  
  141  10:12  Pylon  
  141  10:20  Dark Templar x4  
  147  10:25  Shield Battery  
  147  10:27  Pylon  
  147  10:32  Disruptor (Chrono Boost)  
  147  10:33  Stalker  
  150  10:43  Zealot  
  145  10:52  Zealot  
  145  10:53  Zealot x3  
  145  10:56  Archon x3  
  147  10:58  Disruptor (Chrono Boost)  
  144  11:09  Stalker x2  
  138  11:17  Gateway  
  132  11:20  Gateway  
  132  11:22  Stalker x2  
  127  11:37  Stalker, Dark Templar  
  122  11:40  Pylon  
  122  11:42  Gateway  
  122  11:43  Gateway  
  115  11:59  Gateway  
  115  12:00  Stalker x3  
  115  12:01  Gateway  
  112  12:03  Robotics Facility  
  111  12:09  Photon Cannon  
  111  12:11  Photon Cannon  
  101  12:22  Stalker  
  103  12:24  Pylon, Shield Battery  
  103  12:27  Pylon  
  103  12:32  Cybernetics Core  
  97  12:57  Zealot x2  
Show
View Real Time Build Order
Export as new Build Order

GunGFuBanDa Protoss - Winner!

Build Orders: Oracle Opening 

Get SALT Encoding   

  12  0:00  Probe  
  13  0:12  Probe  
  14  0:18  Pylon  
  14  0:24  Probe (Chrono Boost)  
  15  0:37  Gateway, Probe (Chrono Boost)  
  16  0:44  Probe (Chrono Boost)  
  16  0:46  Assimilator  
  17  0:51  Probe  
  17  0:56  Assimilator  
  18  1:03  Probe (Chrono Boost)  
  19  1:10  Pylon  
  19  1:15  Probe (Chrono Boost)  
  20  1:20  Probe (Chrono Boost)  
  21  1:25  Cybernetics Core  
  21  1:30  Probe  
  22  1:36  Zealot  
  24  1:42  Probe  
  25  1:54  Probe  
  26  2:07  Adept (Chrono Boost)  
  26  2:08  Warp Gate  
  27  2:16  Probe  
  27  2:18  Stargate  
  28  2:37  Nexus  
  28  2:45  Pylon  
  28  2:49  Probe  
  29  2:55  Stalker  
  31  3:03  Oracle  
  34  3:08  Shield Battery  
  34  3:15  Probe (Chrono Boost)  
  34  3:19  Gateway  
  36  3:27  Probe (Chrono Boost)  
  36  3:31  Twilight Council  
  36  3:35  Probe (Chrono Boost)  
  37  3:42  Probe (Chrono Boost)  
  38  3:51  Probe (Chrono Boost)  
  40  3:55  Forge  
  40  3:59  Probe (Chrono Boost)  
  40  4:00  Probe (Chrono Boost)  
  41  4:05  Probe (Chrono Boost)  
  41  4:06  Probe  
  41  4:07  Blink (Chrono Boost)  
  41  4:08  Sentry  
  45  4:17  Probe  
  45  4:18  Probe  
  45  4:21  Dark Shrine  
  45  4:23  Shield Battery  
  47  4:30  Probe (Chrono Boost)  
  49  4:34  Probe (Chrono Boost)  
  49  4:35  Assimilator  
  49  4:36  Pylon  
  49  4:38  Protoss Ground Weapons Level 1 (Chrono Boost)  
  49  4:41  Probe (Chrono Boost)  
  49  4:44  Probe (Chrono Boost)  
  51  4:45  Probe (Chrono Boost)  
  52  4:55  Probe  
  52  4:57  Stalker  
  52  4:58  Probe  
  56  5:05  Pylon x2  
  56  5:07  Probe  
  56  5:10  Probe  
  58  5:16  Nexus  
  58  5:27  Gateway  
  58  5:30  Sentry  
  58  5:32  Gateway  
  58  5:33  Stalker  
  62  5:37  Shield Battery  
  62  5:40  Probe x2  
  64  5:53  Stalker, Pylon  
  64  5:55  Photon Cannon  
  66  5:58  Pylon  
  66  5:59  Stalker  
  66  6:15  Robotics Facility  
  66  6:16  Stalker  
  68  6:20  Probe  
  68  6:21  Probe  
  68  6:22  Stalker  
  68  6:23  Stalker  
  74  6:32  Stalker  
  74  6:39  Shield Battery  
  76  6:41  Photon Cannon  
  76  6:45  Dark Templar  
  76  6:46  Stalker x2  
  82  6:49  Probe  
  83  6:59  Probe x2  
  83  7:00  Stalker  
  86  7:01  Probe  
  86  7:02  Pylon  
  86  7:03  Immortal (Chrono Boost)  
  91  7:11  Probe  
  91  7:15  Stalker x2  
  96  7:22  Photon Cannon, Gateway  
  96  7:23  Gateway  
  96  7:32  Immortal (Chrono Boost), Charge (Chrono Boost)  
  96  7:35  Probe  
  101  7:38  Probe x2  
  103  7:48  Pylon  
  103  7:52  Probe  
  103  7:55  Protoss Ground Weapons Level 2 (Chrono Boost)  
  103  7:58  Probe x2  
  106  7:59  Assimilator  
  106  8:04  Observer, Probe  
  108  8:07  Zealot  
  108  8:08  Zealot x3  
  116  8:14  Gateway  
  116  8:16  Gateway  
  116  8:24  Assimilator  
  116  8:25  Warp Prism  
  116  8:26  Templar Archives  
  118  8:31  Zealot x4  
  118  8:33  Pylon  
  124  8:44  Pylon  
  124  8:47  Pylon  
  124  8:57  Zealot x4  
  124  9:01  Photon Cannon, Pylon  
  132  9:03  Pylon  
  132  9:10  Photon Cannon  
  132  9:12  Shield Battery  
  132  9:14  High Templar x3  
  132  9:15  High Templar  
  140  9:19  Archon x2  
  140  9:27  Immortal  
  140  9:28  Stalker x2  
  148  9:37  Probe  
  144  9:40  Stalker x2  
  144  9:42  Probe  
  149  9:46  Probe  
  149  9:47  Pylon  
  149  9:49  Pylon  
  150  10:00  Photon Cannon  
  150  10:09  Stalker  
  150  10:10  Stalker x5  
  160  10:20  Observer (Chrono Boost)  
  155  10:25  Zealot x2  
  155  10:26  Zealot x3  
  159  10:43  Dark Templar x2  
  159  10:47  Zealot x3  
  159  10:48  Zealot  
  143  11:06  Stalker x2  
  143  11:07  Probe  
  148  11:14  Stalker x4  
  132  11:36  Probe x2  
  132  11:39  Stalker x6  
  140  11:40  Gateway  
  140  11:42  Observer  
  138  12:00  Zealot  
  138  12:09  Dark Templar  
  138  12:10  Dark Templar  
  138  12:12  Zealot x5  
  138  12:13  Observer  
  130  12:29  Stalker  
  126  12:34  Nexus  
  110  12:59  Stalker x5  

Tags
 
Add a new tag
Caveats
  • Supply blocks, unpowered buildings, or Contaminate may cause inaccurate times.
  • Supply counts are checked every 10 seconds.